 Dungeon Crawl Stone Soup version 0.28.0-45-g0d030f2227 (webtiles) character file.

Game seed: 9160694874296946630

39 protoss039 the Digger (level 3, 0/19 HPs)
             Began as a Gargoyle Earth Elementalist on May 9, 2022.
             Killed from afar by Natasha (5 damage)
             ... with a magic dart
             ... on level 2 of the Dungeon.
             The game lasted 00:03:43 (2389 turns).

protoss039 the Digger (Gargoyle Earth Elementalist) Turns: 2389, Time: 00:03:47

Health: 0/19       AC:  7    Str: 11    XL:     3   Next: 47%
Magic:  0/6        EV: 11    Int: 17    God:
Gold:   24         SH:  0    Dex: 10    Spells: 0/6 levels left

rFire   . . .      SeeInvis .   i - +0 mace (protect)
rCold   . . .      Faith    .   (no shield)
rNeg    + . .      Spirit   .   j - +0 leather armour
rPois   ∞          Reflect  .   (no helmet)
rElec   +          Harm     .   (no cloak)
rCorr   .          Rampage  .   (no gloves)
Will    .....                   a - +0 pair of boots
Stlth   ++........              (no amulet)
HPRegen 0.06/turn               (no ring)
MPRegen 0.10/turn               (no ring)

@: no status effects
A: sickness immunity, AC +3, negative energy resistance 1, electricity
resistance, torment resistance 1, petrification resistance
a: no special abilities


You were on level 2 of the Dungeon.
You visited 1 branch of the dungeon, and saw 2 of its levels.

You collected 24 gold pieces.

Inventory:

Hand Weapons
 i - a +0 mace of protection (weapon)
Missiles
 c - 47 stones
Armour
 a - a +0 pair of boots (worn)
 b - a +0 robe
 j - a +0 leather armour (worn)
Scrolls
 d - a scroll of brand weapon {unknown}
 e - 3 scrolls of amnesia {unknown}
 f - a scroll of immolation {unknown}
 g - a scroll of teleportation {unknown}
 h - a scroll of vulnerability {unknown}
Potions
 k - a potion of might {unknown}


   Skills:
 * Level 0.0 Fighting
 * Level 1.9 Dodging
 * Level 2.8 Stealth
 * Level 2.3 Spellcasting
 + Level 0.0 Conjurations
 - Level 1.2 Transmutations
 + Level 4.0 Earth Magic


You couldn't memorise any spells.
You knew the following spells:

 Your Spells              Type           Power      Damage    Failure   Level
a - Sandblast             Erth           30%        2d9       4%          1
b - Passwall              Tmut/Erth      9%         N/A       13%         2
c - Stone Arrow           Conj/Erth      16%        3d8       32%         3

Your spell library contained the following spells:

 Spells                   Type           Power      Damage    Failure   Level
 Petrify                  Tmut/Erth      11%        N/A       63%         4


Dungeon Overview and Level Annotations

Branches:
Dungeon (2/15)

Altars:

Shops:
D:1 =(*

Annotations:
D:2 Natasha


Innate Abilities, Weirdness & Mutations

You are immune to sickness and miasma.
Your stone body is resilient. (AC +3)
You are immune to poison.
You resist negative energy. (rN+)
You are resistant to electric shocks. (rElec)
You are resistant to unholy torment.
You are immune to petrification.


Message History

The crimson imp blinks!
Casting: Sandblast (safe; 4% risk of failure)
Confirm with . or Enter, or press ? or * to list all spells.
Aiming: Sandblast (safe; 4% risk of failure)
Press: ? - help, Shift-Dir - straight line, f/p - Natasha
Aim: Natasha (severely wounded, 74% to hit)
The blast of sand hits Natasha.
Natasha is almost dead.
Natasha misses you.
Unknown command.
Casting: Sandblast (safe; 4% risk of failure)
Confirm with . or Enter, or press ? or * to list all spells.
Aiming: Sandblast (safe; 4% risk of failure)
Press: ? - help, Shift-Dir - straight line, f/p - Natasha
Aim: Natasha (almost dead, 74% to hit)
The blast of sand misses Natasha.
The blast of sand hits the endoplasm!
You kill the endoplasm!
Natasha claws you.
Unknown command.
Casting: Sandblast (safe; 4% risk of failure)
Confirm with . or Enter, or press ? or * to list all spells.
Aiming: Sandblast (safe; 4% risk of failure)
Press: ? - help, Shift-Dir - straight line, f/p - Natasha
Aim: Natasha (almost dead, 74% to hit)
The blast of sand misses Natasha.
Natasha stares at you and mumbles some strange words.
The magic dart hits you.
* * * LOW HITPOINT WARNING * * *
The crimson imp blinks! x2
Casting: Sandblast (safe; 4% risk of failure)
Confirm with . or Enter, or press ? or * to list all spells.
You don't have enough magic to cast this spell.
Unknown command.
You closely miss Natasha.
Natasha is almost dead.
Natasha howls an incantation.
Natasha's front paws start to glow.
Natasha casts a spell at you. The magic dart hits you.
You die...

.....?...#
.....§..§#
....Jh5..#
#.....# #...†§#
#####5# #.# #h#
#@#############
#.............#
#############.#
#.# #.# #.# #.#
#.#
#############
#.#


You could see Natasha and a white imp (summoned).

Vanquished Creatures
  6 endoplasms
  3 giant cockroaches (D:1)
  4 goblins (D:1)
  4 hobgoblins
  A kobold (D:1)
  6 ball pythons
  3 bats (D:1)
  3 frilled lizards (D:1)
  5 rats (D:1)
35 creatures vanquished.

Vanquished Creatures (others)
  3 plants (D:1)
3 creatures vanquished.

Grand Total: 38 creatures vanquished

Notes
Turn   | Place    | Note
-------+----------+-------------------------------------------
     0 | D:1      | protoss039 the Gargoyle Earth Elementalist began the quest
                  | for the Orb.
     0 | D:1      | Reached XP level 1. HP: 10/10 MP: 3/3
   283 | D:1      | Reached skill level 1 in Transmutations
   283 | D:1      | Reached XP level 2. HP: 3/15 MP: 0/5
   451 | D:1      | Learned a level 2 spell: Passwall
   655 | D:1      | Found Sihil's Weapon Shoppe.
   662 | D:1      | Found Gilleyt's Assorted Antiques.
  1181 | D:1      | Found Inamacum's Jewellery Emporium.
  1186 | D:1      | Reached XP level 3. HP: 19/19 MP: 6/6
  1345 | D:1      | Reached skill level 4 in Earth Magic
  2274 | D:1      | Learned a level 3 spell: Stone Arrow
  2373 | D:2      | Noticed Natasha
  2389 | D:2      | Killed from afar by Natasha

Illustrated notes

Levels and vault maps discovered:
D:1:      dpeg_arrival_prison, layout_basic, serial_shops, shop,
          nicolae_shop_stone, shop, minmay_misc_feat_tiny, serial_bayou_pond_d
D:2:      layout_basic, nicolae_elevator_lobby_plus, uniq_natasha, uniq_robin

Skill      XL: |  1  2  3 |
---------------+----------+-----
Transmutations | 1 |  1.2
Earth Magic    | 4 |  4.0
Dodging        | |  1.9
Stealth        | |  2.8
Spellcasting   | |  2.3

Action                   || total
-------------------------++-------
Melee: Unarmed           ||     8
       Dagger            ||    81
       Punch             ||     1
       Mace              ||     6
 Cast: Sandblast         ||    25
       Stone Arrow       ||     1
 Stab: Sleeping          ||     2
Armor: Robe              ||    23
       Leather armour    ||     4
Dodge: Dodged            ||    72
